 Dungeon Crawl Stone Soup version 0.30.1-11-g7821555f0a (webtiles) character file.

Game seed: 15545718578676194939

1925 Grimwise the Trooper (level 8, -1/64 HPs)
             Began as a Demonspawn Transmuter on Jan 10, 2024.
             Was a Follower of Qazlal.
             Slain by a killer bee (3 damage)
             ... on level 7 of the Dungeon.
             The game lasted 00:49:23 (6017 turns).

Grimwise the Trooper (Demonspawn Transmuter)        Turns: 6017, Time: 00:49:28

Health: -1/64      AC:  6    Str: 12    XL:     8   Next: 96%
Magic:  14/14      EV: 17    Int: 14    God:    Qazlal [*.....]
Gold:   246        SH:  0    Dex: 15    Spells: 8/15 levels left

rFire   . . .        v - +1 war axe (heavy)
rCold   . . .        (no shield)
rNeg    . . .        q - +1 animal skin
rPois   .            (helmet currently unavailable)
rElec   .            (no cloak)
rCorr   .            (no gloves)
SInv    .            (boots currently unavailable)
Will    .....        (no amulet)
Stlth   +            o - ring of flight
HPRegen 0.30/turn    C - +5 ring of evasion
MPRegen 0.14/turn

%: no passive effects
@: confused, lethally poisoned (-1 -> -13), appendages (expiring),
ambrosia-drunk, flying
A: horns 2, talons 2, icy blue scales 2, foul stench 1, powered by death 1
a: End Transformation, Renounce Religion


You were on level 7 of the Dungeon.
You worshipped Qazlal.
Qazlal was aware of your devotion.
You had temporarily grown beastly horns and talons.
You visited 2 branches of the dungeon, and saw 8 of its levels.

You collected 246 gold pieces.

Inventory:

Hand Weapons
 p - the +1 long sword of Huufi {flame, Int+3}
   (You found it on level 3 of the Dungeon)

   Int:       It affects your intelligence (+3).
 u - the +3 whip "Rotheh" {flame, +Blink}
   (You found it on level 3 of the Dungeon)

   +Blink:    It lets you blink.
 v - a +1 heavy war axe (weapon)
Armour
 a - a +0 robe
 k - a +0 leather armour
 q - a +1 animal skin (worn)
Magical Staves
 w - a staff of cold
Jewellery
 h - a ring of protection from fire
 o - a ring of flight (left hand)
 C - a +5 ring of evasion (right hand)
Scrolls
 d - 8 scrolls of identify {unknown}
 e - a scroll of silence {unknown}
 f - 2 scrolls of magic mapping {unknown}
 i - a scroll of immolation {unknown}
 l - 3 scrolls of teleportation {unknown}
 n - a scroll of poison {unknown}
 r - a scroll of amnesia {unknown}
 s - a scroll of noise {unknown}
 y - a scroll of acquirement {unknown}
Potions
 b - 2 potions of lignification
 g - a potion of brilliance {unknown}
 j - a potion of ambrosia
 m - a potion of degeneration {unknown}
 t - 2 potions of mutation {unknown}
 x - a potion of might {unknown}
 z - a potion of flight {unknown}
 A - a potion of attraction {unknown}
Miscellaneous
 B - a piece from Xom's chessboard (15/15)


   Skills:
 * Level 5.8 Fighting
 * Level 4.9 Axes
 + Level 3.2 Armour
 - Level 1.7 Dodging
 - Level 2.6 Unarmed Combat
 + Level 4.1 Spellcasting
 + Level 4.0 Transmutations
 + Level 3.3 Air Magic
 + Level 2.9 Invocations


You had 8 spell levels left.
You knew the following spells:

 Your Spells              Type           Power      Damage    Failure   Level
a - Beastly Appendage     Tmut           28%        N/A       3%          1
b - Wereblood             Tmut           14%        N/A       5%          2
c - Shock                 Conj/Air       28%        1d4       10%         1
d - Swiftness             Air            12%        N/A       14%         3

Your spell library contained the following spells:

 Spells                   Type           Power      Damage    Failure   Level
 Slow                     Hex            8%         N/A       19%         1
 Spider Form              Tmut/Pois      8%         N/A       26%         3
 Airstrike                Air            6%         2d(1-17)  43%         4
 Confusing Touch          Hex            2%         N/A       50%         3
 Vampiric Draining        Necr           2%         2d6       50%         3
 Ice Form                 Ice/Tmut       8%         N/A       63%         4


Dungeon Overview and Level Annotations

Branches:
Dungeon (7/15)             Temple (1/1) D:5

Altars:
Ashenzari
Cheibriados
Dithmenos
Fedhas
Gozag
Hepliaklqana
Kikubaaqudgha
Makhleb
Nemelex Xobeh
Okawaru
Qazlal
Ru
Sif Muna
Trog
Uskayaw
Vehumet
Wu Jian
Xom

Shops:
D:6 [


Innate Abilities, Weirdness & Mutations

You have temporarily grown beastly horns and talons.
You are mostly covered in icy blue scales. (AC +3)
You may rarely emit foul miasma when damaged in melee.
You regenerate a little health from kills.


Message History

The killer bee closely misses you. The killer bee stings you.
The killer bee closely misses you. The killer bee completely misses you.
The killer bee stings you.
* * * LOW HITPOINT WARNING * * *
The killer bee barely misses you. The killer bee stings you.
* * * LOW HITPOINT WARNING * * *
The killer bee stings you but does no damage. x2
The killer bee stings you.
* * * LOW HITPOINT WARNING * * *
The killer bee closely misses you. The killer bee stings you.
* * * LOW HITPOINT WARNING * * *
You miss the killer bee. Your kick misses the killer bee.
The killer bee is severely wounded.
You hit the killer bee. You slash the killer bee!
You kill the killer bee!
Qazlal accepts your kill. The killer bee closely misses you.
The killer bee stings you.
* * * LOW HITPOINT WARNING * * *
The killer bee misses you.
The killer bee completely misses you. x2
The killer bee closely misses you. The killer bee stings you.
* * * LOW HITPOINT WARNING * * *
You are lethally poisoned!
The killer bee poisons you! The killer bee misses you.
Your Transmutations skill increases to level 4!
You feel better. The killer bee stings you.
* * * LOW HITPOINT WARNING * * *
The killer bee stings you.
* * * LOW HITPOINT WARNING * * *
You are lethally poisoned!
The killer bee poisons you! The killer bee stings you.
* * * LOW HITPOINT WARNING * * *
You are more poisoned.
The killer bee poisons you! The killer bee misses you.
It was a potion of ambrosia.
You are confused.
You feel invigorated.
* * * LOW HITPOINT WARNING * * *
You feel very sick. The killer bee closely misses you.
The killer bee stings you.
You die...

#....## ### ###...#
##.####.....
##...#.......
#.......[....
#............ ###
#............
#####y####............
#..!.@†#..............
#.....y.....#..........
##..#..###.####........
##..... #... .........
......# #........#...#
..#....# ........##..#
# #..### ........ ...
... ......... <
......y.. #


You could see 2 killer bees.

Vanquished Creatures
  A steam dragon (D:6)
  A water moccasin (D:7)
  An ice beast (D:4)
  A black bear (D:4)
  3 ogres
  A centaur (D:6)
  A phantom (D:6)
  A bullfrog (D:7)
  2 scorpions (D:6)
  2 killer bees (D:7)
  2 howler monkeys
  5 hounds
  2 orc priests
  A gnoll bouda (D:5)
  Jessica (D:2)
  2 iguanas
  6 orc wizards
  Robin (D:3)
  7 adders
  6 gnolls
  A shadow imp (D:7)
  2 white imps (D:7)
  2 ufetubi
  A worm (D:2)
  20 orcs
  7 ball pythons
  7 endoplasms
  A giant cockroach (D:1)
  15 goblins
  11 hobgoblins
  10 jackals
  2 quokkas
  5 bats
  3 frilled lizards
  7 kobolds
  12 rats
153 creatures vanquished.

Notes
Turn   | Place    | Note
-------+----------+-------------------------------------------
     0 | D:1      | Grimwise the Demonspawn Transmuter began the quest for the
                  | Orb.
     0 | D:1      | Reached XP level 1. HP: 15/15 MP: 3/3
   605 | D:1      | Gained mutation: You regenerate a little health from kills.
                  | [demonic ancestry]
   605 | D:1      | Reached XP level 2. HP: 21/21 MP: 3/5
  1012 | D:2      | Reached skill level 1 in Axes
  1012 | D:2      | Gained mutation: You are partially covered in icy blue
                  | scales. (AC +2) [demonic ancestry]
  1012 | D:2      | Reached XP level 3. HP: 4/27 MP: 4/6
  1127 | D:2      | You fall into a shaft and drop 2 floors!
  1226 | D:4      | Reached skill level 2 in Fighting
  1259 | D:4      | Reached skill level 1 in Air Magic
  1315 | D:4      | Reached XP level 4. HP: 33/33 MP: 5/7
  1364 | D:4      | Learned a level 2 spell: Wereblood
  1367 | D:4      | Found a bloodstained altar of Trog.
  1526 | D:3      | Found a shadowy altar of Dithmenos.
  1561 | D:3      | Reached skill level 1 in Armour
  1849 | D:3      | Reached XP level 5. HP: 20/39 MP: 8/8
  1937 | D:3      | Noticed Robin
  1956 | D:2      | Learned a level 1 spell: Shock
  1980 | D:2      | Noticed Jessica
  1988 | D:2      | Killed Jessica
  2902 | D:3      | Found an ornate altar of the Wu Jian Council.
  2939 | D:3      | Identified the +1 long sword of Huufi {flame, Int+3}
  2949 | D:3      | Killed Robin
  2950 | D:3      | Reached skill level 3 in Fighting
  3317 | D:3      | Identified the +3 whip "Rotheh" {flame, +Blink}
  3536 | D:4      | Noticed an ice beast
  3544 | D:4      | Killed an ice beast
  3545 | D:4      | Reached XP level 6. HP: 37/47 MP: 10/10
  3828 | D:4      | Found a shimmering blue altar of Sif Muna.
  3974 | D:5      | Entered Level 5 of the Dungeon
  4000 | D:6      | HP: 2/47 [hound (2)]
  4009 | D:6      | Found Aliec's Antique Armour Shoppe.
  4028 | D:5      | HP: 1/48 [ogre/+0 giant club (10)]
  4175 | D:5      | Gained mutation: You may rarely emit foul miasma when
                  | damaged in melee. [demonic ancestry]
  4175 | D:5      | Reached XP level 7. HP: 26/53 MP: 11/11
  4181 | D:5      | Learned a level 3 spell: Swiftness
  4282 | D:5      | Reached skill level 4 in Fighting
  4452 | D:5      | Found a staircase to the Ecumenical Temple.
  4459 | Temple   | Entered the Ecumenical Temple
  4513 | Temple   | Became a worshipper of Qazlal Stormbringer
  4831 | D:5      | Found a sparkling altar of Nemelex Xobeh.
  5160 | D:6      | Gained mutation: You are mostly covered in icy blue scales.
                  | (AC +3) [demonic ancestry]
  5160 | D:6      | Reached XP level 8. HP: 48/61 MP: 9/13
  5240 | D:6      | Reached skill level 1 in Invocations
  5371 | D:6      | Reached skill level 5 in Fighting
  5580 | D:6      | Reached * piety under Qazlal
  6015 | D:7      | HP: 2/64 [killer bee (6)]
  6017 | D:7      | Slain by a killer bee

Illustrated notes

Levels and vault maps discovered:
D:1:      dpeg_arrival_boxes_within_box, layout_loops_corners
D:2:      layout_basic, uniq_jessica
D:3:      layout_basic, nicolae_wu_jian_wuxing_cycle,
          grunt_dithmenos_smoke_and_mirrors, minmay_increasing_density,
          uniq_robin
D:4:      layout_basic, mainiacjoe_overflow_swirl, led_sif_pool
D:5:      layout_rooms, nemelex_dance_club_becter, temple_green
D:6:      layout_rooms, serial_shops, shop, st_stairs_4
D:7:      layout_cave_pools, serial_bayou, serial_bayou_pond_d,
          serial_bayou_lake_a, serial_bayou_shore_b, serial_bayou_pond_d,
          enter_bailey_6, hangedman_decor_points, hellmonk_bongcloud_opening
Temple:   eino_temple_lava

Skill      XL: |  1  2  3  4  5  6  7  8 |
---------------+-------------------------+-----
Axes           | 1 2 3 4 |  4.9
Transmutations | 2 3 4 |  4.0
Fighting       | 2 3 4 5 |  5.8
Air Magic      | 1 2 3 |  3.3
Armour         | 1 2 3 |  3.2
Spellcasting   | 3 4 |  4.1
Invocations    | 2 |  2.9
Dodging        | |  1.7
Unarmed Combat | |  2.6

Action                     |  1- 3 |  4- 6 |  7- 9 || total
---------------------------+-------+-------+-------++-------
  Melee: Unarmed           |    82 |   144 |       ||   226
         Kick              |    10 |    46 |    28 ||    84
         Headbutt          |    11 |    25 |    18 ||    54
         Punch             |     1 |     3 |     2 ||     6
         Long sword        |       |    56 |       ||    56
         War axe           |       |     2 |   117 ||   119
   Cast: Beastly Appendage |    21 |    36 |    22 ||    79
         Wereblood         |       |       |     2 ||     2
         Swiftness         |       |       |     3 ||     3
    Use: Potion            |       |     9 |     5 ||    14
 Armour: Robe              |    17 |     6 |       ||    23
         Leather armour    |       |    42 |       ||    42
         Skin              |       |     2 |       ||     2
         Animal skin       |       |    27 |    66 ||    93
  Dodge: Dodged            |    57 |   110 |   151 ||   318
  Block: Other             |       |       |     5 ||     5
